Unix NetHack Version 5.0.0-0 post-release - last build Jul 19 2026 19:10:59 (3aa4ab31751d3886436d94b585a96704892fd477,branch:main).

Game began 2026-07-21 14:41:12, ended 2026-07-21 14:52:56.

Booker, lawful male human Knight

  -----
  |)..|  ----
  |.%.|  -..---
  |.-----.......     ...
  |..[.......)..    --.-
  -----.....{....----...
   |..-..........@G...-+
   |..|-.........|..---                   |
   ------.---... |...--                 ..
      ---|--------....-
      |....|    |......
      |%.%%|    |....---...
      ------    |.....)....
         ---    |....|.....
      ----.|..  |..----...
    --|.......  ----  |.)-
    -.|-.....-        |..|
  --..|...)|.---------|.)|
  |.....---|.........--..|
  |<..---  ------.....).--
  ---              ------
Booker the Esquire       St:14 Dx:10 Co:13 In:9 Wi:15 Ch:17  Lawful S:965
Dlvl:5  $:15 HP:0(50) Pw:43(43) AC:2  Xp:5/180 T:1461  Burdened

Latest messages:
 The gnome swings her crossbow.
 The gnome hits!
 You miss the gnome.
 You hit the gnome!
 You miss the gnome.
 The gnome swings her crossbow.
 The gnome hits!
 The gnome swings her crossbow.
 The gnome hits!
 You kill the gnome!
 You swap places with MrEd.
 You hear the chime of a cash register.
 "Salutations, Booker!  Welcome to Karangkobar's delicatessen!"
 You stop.  MrEd is in the way!
 You hear the splashing of a naiad.
 The door opens.
 You swap places with MrEd.
 You hear someone cursing shoplifters.
 You swap places with MrEd.
 You stop.  MrEd is in the way!
 This door is locked.
 This door is locked.
 This door is locked.
 This door is locked.
 In what direction?
 Whammm!!
 In what direction?
 As you kick the door, it crashes open!
 The gnome king thrusts one of his daggers.
 The gnome king hits!
 You miss the gnome king.
 The gnome king thrusts one of his daggers.
 The gnome king hits!
 You hit the gnome king!
 The gnome king thrusts one of his daggers.
 The gnome king hits!
 You miss the gnome king.
 You miss the gnome king.
 The gnome king thrusts one of his daggers.
 The gnome king hits!
 The gnome king thrusts one of his daggers.
 The gnome king hits!
 You hit the gnome king!
 The gnome king thrusts one of his daggers.
 The gnome king hits!
 The gnome king thrusts one of his daggers.
 The gnome king hits!
 The gnome king thrusts one of his daggers.
 The gnome king hits!
 You die...

Inventory:
 Coins    ('$')
  $ - 15 gold pieces
 Weapons  (')')
  a - an uncursed +1 long sword (weapon in left hand)
  b - an uncursed +1 lance (alternate weapon; not wielded)
 Armor    ('[')
  u - an uncursed +0 dwarvish iron helm (being worn)
  f - an uncursed +0 pair of leather gloves (being worn)
  v - an uncursed +0 pair of iron shoes (being worn)
  e - an uncursed burnt +0 small shield (being worn)
  c - an uncursed rusty +1 ring mail (being worn)
 Comestibles  ('%')
  g - 11 uncursed apples
  h - 11 uncursed carrots
  r - 2 uncursed food rations
  A - an uncursed tripe ration
 Scrolls  ('?')
  m - an uncursed scroll of charging
 Potions  ('!')
  s - an uncursed potion of extra healing
  t - an uncursed potion of fruit juice
 Rings    ('=')
  j - an uncursed +2 ring of gain constitution (on left hand)
 Wands    ('/')
  z - an uncursed wand of magic missile (0:7)
  q - an uncursed wand of magic missile (0:1)
 Tools    ('(')
  y - an uncursed oil lamp
 Gems/Stones  ('*')
  p - 2 uncursed worthless pieces of blue glass

Booker the Knight's attributes:

Background:
 You were an Esquire, a level 5 male human Knight.
 You were lawful, nominally on a mission for Lugh
 who was opposed by Brigit (neutral) and Manannan Mac Lir (chaotic).
 You were left-handed.
 You were in the Gnomish Mines, on level 5.
 You entered the dungeon 1461 turns ago.
 You had 180 experience points, 140 more were needed to attain level 6.
 Your score was 965 before end-of-game adjustments.

Basics:
 You had 0 out of 50 hit points.
 You had all 43 energy points (spell power).
 Your armor class was 2.
 Your wallet contained 15 zorkmids.
 Autopickup was on for '$%?!"=/' plus thrown, with exceptions.

Final Characteristics:
 Your strength was 14 (limit:18/100).
 Your dexterity was 10 (limit:18).
 Your constitution was 13 (base:11, limit:18).
 Your intelligence was 9 (limit:18).
 Your wisdom was 15 (limit:18).
 Your charisma was 17 (limit:18).

Final Status:
 You weren't hungry.
 You were burdened; movement was slightly slowed.
 You were wielding a long sword.
 You had basic skill with long sword.

Final Attributes:
 You were devoutly aligned.
 You could jump.
 You were warded.
 Your spell casting was impaired by metallic armor.
 You are dead.

Miscellaneous:
 You disabled loading and storing of bones levels.
 Total elapsed playing time was 11 minutes and 43 seconds.

Major events:
 Turn
    1: Booker the lawful male human Knight entered the dungeon
  476: entered the Gnomish Mines
  533: attained the rank of Esquire (level 3)
 1128: reached Mine Town
 1461: killed by a gnome king

Spells:
 Name                 Level Category     Fail Retention
 cure blindness         2   healing      100%  76%-100%
 charm monster          5   enchantment  100%  76%-100%

Skills:
 Fighting Skills
   bare handed combat [Unskilled]
   two weapon combat  [Unskilled]
   riding             [Basic]
 Weapon Skills
   dagger             [Unskilled]
   knife              [Unskilled]
   axe                [Unskilled]
   pick-axe           [Unskilled]
   short sword        [Unskilled]
   broadsword         [Unskilled]
   long sword         [Basic]
   two-handed sword   [Unskilled]
   saber              [Unskilled]
   club               [Unskilled]
   mace               [Unskilled]
   morning star       [Unskilled]
   flail              [Unskilled]
   hammer             [Unskilled]
   polearms           [Unskilled]
   spear              [Unskilled]
   trident            [Unskilled]
   lance              [Basic]
   bow                [Unskilled]
   crossbow           [Unskilled]
 Spellcasting Skills
   attack spells      [Unskilled]
   healing spells     [Unskilled]
   clerical spells    [Unskilled]

Voluntary challenges:
 Character rerolling was not enabled.
 You were an atheist.
 You never genocided any monsters.
 You never polymorphed an object.
 You never changed form.
 You used no wishes.
Achievements:
 You entered the Gnomish Mines.
 You attained the rank of Esquire.
 You entered Minetown.
 You entered a shop.

 The Dungeons of Doom: levels 1 to 3
    Level 1:
       Some fountains.
    Level 2:
       Stairs down to The Gnomish Mines.
    Level 3:
 The Gnomish Mines: levels 3 to 5
    Level 3:
    Level 4:
    Level 5: <- You were here.
       A food shop, a fountain.
       Final resting place for
          you, killed by a gnome king.


Vanquished creatures:
  4 gnome leaders
  a gnomish wizard
  2 dwarves
  2 hobbits
 19 gnomes
  2 geckos
  a goblin
  a grid bug
  a bat
33 creatures vanquished.

No species were genocided or became extinct.

Game over:
                       ----------
                      /          \
                     /    REST    \
                    /      IN      \
                   /     PEACE      \
                  /                  \
                  |      Booker      |
                  |      15 Au       |
                  |   killed by a    |
                  |    gnome king    |
                  |                  |
                  |                  |
                  |       2026       |
                 *|     *  *  *      | *
        _________)/\\_//(\/(/\)/\//\/|_)_______

Fare thee well Booker the Knight...

You died in The Gnomish Mines on dungeon level 5 with 964 points,
and 15 pieces of gold, after 1461 moves.
You were level 5 with a maximum of 50 hit points when you died.

